 Dungeon Crawl Stone Soup version 0.18-b1-14-g029dad2 (webtiles) character file.

102 Alarkh the Grave Robber (level 4, -8/30 HPs)
             Began as a Mummy Necromancer on Apr 30, 2016.
             Mangled by an orc warrior
             ... wielding a +0 short sword
              (9 damage)
             ... on level 3 of the Dungeon.
             The game lasted 00:02:41 (1936 turns).

Alarkh the Grave Robber (Mummy Necromancer)         Turns: 1936, Time: 00:02:42

Health: -8/30      AC:  3    Str: 11    XL:     4   Next: 49%
Magic:  1/8        EV: 11    Int: 15    God:
Gold:   190        SH:  0    Dex: 12    Spells: 3 memorised, 1 level left

rFire  x . .     SeeInvis .     g - +1 spear (venom)
rCold  + . .     Gourm    .     f - +0 leather armour (curse)
rNeg   + + +     Faith    .     (no shield)
rPois  ∞         Spirit   .     (no helmet)
rElec  .         Dismiss  .     (no cloak)
rCorr  .         Reflect  .     (no gloves)
SustAt .         Harm     .     (no boots)
MR     .....                    (no amulet)
Stlth  +.........               (no ring)
                                (no ring)

@: very slightly contaminated, not resistant to hostile enchantments, very
unstealthy
A: no food or potions, fire vulnerability, cold resistance 1, negative energy
resistance 3, torment resistance, unbreathing
a: no special abilities


You were on level 3 of the Dungeon.
You were not hungry.

You visited 1 branch of the dungeon, and saw 4 of its levels.

You collected 190 gold pieces.

Inventory:

Hand Weapons
 d - a +0 short sword
 g - a +1 spear of venom (weapon)
Missiles
 l - a throwing net (quivered)
Armour
 a - a +0 robe
 f - a cursed +0 leather armour (worn)
Scrolls
 c - a scroll of noise {unknown}
 e - a scroll of blinking {unknown}
 h - a scroll of teleportation {unknown}
 i - a scroll of identify {unknown}
 j - 4 scrolls of remove curse {unknown}
 k - a scroll of amnesia {unknown}
 m - a scroll of enchant armour {unknown}
 n - a scroll of immolation {unknown}
Books
 b - a book of Necromancy

   Spells                             Type                      Level
   a - Pain                           Necromancy                   1
   b - Animate Skeleton               Necromancy                   1
   c - Vampiric Draining              Necromancy                   3
   d - Regeneration                   Charms/Necromancy            3
   e - Animate Dead                   Necromancy                   4
   f - Control Undead                 Necromancy                   4


   Skills:
 + Level 1.2 Polearms
 - Level 1.5 Dodging
 - Level 1.5 Stealth
 + Level 3.1 Spellcasting
 + Level 4.9 Necromancy


You had one spell level left.
You knew the following spells:

 Your Spells              Type           Power        Failure   Level  Hunger
a - Pain                  Necr           ###.         3%          1    N/A
b - Vampiric Draining     Necr           ###.......   12%         3    N/A
c - Control Undead        Necr           ###.......   38%         4    N/A

Dungeon Overview and Level Annotations

Branches:
Dungeon (4/15)
 Temple: D:4-7

Altars:
Fedhas
Qazlal
The Shining One


Innate Abilities, Weirdness & Mutations

You do not eat or drink.
Your flesh is vulnerable to fire.
You are immune to poison.
Your flesh is cold resistant.
You are immune to negative energy.
You are immune to unholy pain and torment.
You can survive without breathing.


Message History

Casting: Pain
Confirm with . or Enter, or press ? or * to list all spells.
Aiming: Vampiric Draining
Press: ? - help, Shift-Dir - straight line, f - orc warrior
Aim: an orc warrior, wielding a short sword and wearing a chain mail (lightly wounded, poisoned)
The orc warrior is moderately wounded.
You feel life coursing into your body.
The orc warrior hits you with a short sword!!
Ouch! That really hurt!
* * * LOW HITPOINT WARNING * * *
Casting: Vampiric Draining
Confirm with . or Enter, or press ? or * to list all spells.
Aiming: Vampiric Draining
Press: ? - help, Shift-Dir - straight line, f/p - orc warrior
Aim: an orc warrior, wielding a short sword and wearing a chain mail (moderately wounded, poisoned)
You miscast Vampiric Draining.
You are very lightly contaminated with residual magic.
Your bandages flutter.
The orc warrior hits you with a short sword!
You die...

#..#.#......##.#.###....#.#######
#.##.#......##.#.#......#.#
#....#......##.#.#......#.#
######...........#......#.###
.....#...........#......#...#
####.##.######...#..........#
...#.##)# ##..#.#....#...#
##.#.##.# #..#.######...#
#..#.##.#######.@#.# #...#
#.##.##.##.......o.# #...#
#....##.##.######### #...#
#######.##.# #...# #######.##.#
#...# ...†....##.# #...#
#######.##.# #...# #....# #####
####.#


You could see an orc warrior.

Vanquished Creatures
  5 adders
  An ooze (D:2)
  2 dart slugs
  5 orcs
  4 giant cockroaches
  4 hobgoblins
  A quokka (D:3)
  2 ball pythons
  3 bats
  7 giant newts
  3 goblins
  5 kobolds
  6 rats
48 creatures vanquished.

Notes
Turn   | Place    | Note
--------------------------------------------------------------
     0 | D:1      | Alarkh the Mummy Necromancer began the quest for the Orb.
     0 | D:1      | Reached XP level 1. HP: 13/13 MP: 3/3
   387 | D:1      | Reached XP level 2. HP: 15/19 MP: 0/5
   783 | D:2      | Reached XP level 3. HP: 24/24 MP: 6/6
   813 | D:2      | Found a glowing golden altar of the Shining One.
   815 | D:2      | Found a stormy altar of Qazlal.
   849 | D:2      | Found a blossoming altar of Fedhas.
   958 | D:2      | Learned a level 3 spell: Vampiric Draining
  1150 | D:3      | Reached skill level 1 in Polearms
  1358 | D:3      | Reached XP level 4. HP: 26/30 MP: 8/8
  1768 | D:4      | Noticed a phantom
  1830 | D:4      | Learned a level 4 spell: Control Undead
  1897 | D:4      | Noticed an orc warrior
  1935 | D:3      | HP: 1/30 [orc warrior/short sword (18)]
  1936 | D:3      | Mangled by an orc warrior

Skill      XL: |  1  2  3 |
---------------+----------+-----
Polearms       | 1 |  1.2
Spellcasting   | 3 |  3.1
Dodging        | |  1.5
Stealth        | |  1.5
Necromancy     | |  4.9

Action                   |  1- 3 |  4- 6 || total
-------------------------+-------+-------++-------
Melee: Short sword       |     5 |       ||     5
       Spear             |    69 |    36 ||   105
 Cast: Pain              |    18 |     3 ||    21
       Vampiric Draining |       |     1 ||     1
 Stab: Sleeping          |     3 |     1 ||     4
Armor: Leather armour    |     8 |     6 ||    14
Dodge: Dodged            |    36 |    14 ||    50
